 Dungeon Crawl Stone Soup version 0.19.0-2-gae57169 (webtiles) character file.

169 Peloso the Skirmisher (level 5, -5/46 HPs)
             Began as a Ghoul Fighter on Nov 2, 2016.
             Killed by divine providence
             ... invoked by an orc priest
              (17 damage)
             ... on level 3 of the Dungeon.
             The game lasted 00:06:14 (1823 turns).

Peloso the Skirmisher (Ghoul Fighter)               Turns: 1823, Time: 00:06:16

Health: -5/46      AC:  6    Str: 25    XL:     5   Next: 50%
Magic:  4/4        EV:  8    Int:  3    God:
Gold:   72         SH:  9    Dex:  9    Spells: 0 memorised, 4 levels left

rFire  . . .     SeeInvis .     a - +0 long sword
rCold  + . .     Gourm    .     b - +0 scale mail
rNeg   + + +     Faith    .     c - +0 shield
rPois  ∞         Spirit   .     (no helmet)
rElec  .         Reflect  .     (no cloak)
rCorr  .         Harm     .     (no gloves)
MR     .....                    (no boots)
Stlth  ..........               (no amulet)
                                (no ring)
                                (no ring)

@: mighty, rotting
A: rotting body, claws 1, carnivore 3, cold resistance 1, negative energy
resistance 3, slow regeneration 1, torment resistance, unbreathing
a: no special abilities


You were on level 3 of the Dungeon.
You were not hungry.

You visited 1 branch of the dungeon, and saw 3 of its levels.

You collected 72 gold pieces.

Inventory:

Hand Weapons
 a - a +0 long sword (weapon)
Armour
 b - a +0 scale mail (worn)
 c - a +0 shield (worn)
Scrolls
 h - a scroll of enchant weapon {unknown}
 i - a scroll of immolation {unknown}
 j - a scroll of blinking {unknown}
 l - 2 scrolls of enchant armour {unknown}
 m - a scroll of identify {unknown}
 n - a scroll of remove curse {unknown}
Potions
 e - a potion of magic {unknown}
 g - 2 potions of degeneration {unknown}
 k - a potion of mutation {unknown}
Comestibles
 f - a meat ration
 o - 6 chunks of flesh


   Skills:
 + Level 4.1 Fighting
 + Level 2.6 Long Blades
 + Level 3.4 Armour
 + Level 1.0 Dodging
 + Level 3.7 Shields


You had 4 spell levels left.
You didn't know any spells.

Dungeon Overview and Level Annotations

Branches:
Dungeon (3/15)

Altars:
Makhleb


Innate Abilities, Weirdness & Mutations

Your body is rotting away.
You thrive on raw meat.
You are immune to poison.
You have sharp fingernails.
You are carnivorous and can eat meat at any time.
Your flesh is cold resistant. (rC+)
You are immune to negative energy. (rN+++)
You regenerate slowly when monsters are visible.
You are immune to unholy pain and torment.
You can survive without breathing.


Message History

The orc wizard hits you but does no damage. x2
The orc barely misses you. The orc completely misses you.
You riposte.
You closely miss the orc.
Unknown command.
You hit the orc wizard.
The orc wizard is severely wounded.
The orc wizard hits you but does no damage.
The orc hits you with a short sword.
* * * LOW HITPOINT WARNING * * *
You block the orc's attack.
The orc wizard hits you but does no damage.
The orc hits you but does no damage.
You feel very mighty all of a sudden.
The orc wizard casts a spell.
You block the orc's attack.
The orc wizard hits you but does no damage.
The orc hits you but does no damage.
The orc priest mumbles some strange prayers to Beogh against you.
Beogh smites you!
You die... ....# #.####..# #......<# ######..# #..# #..# ##K.# #ooo#

#@#.......
#o#...####
#r....#
..#.....
.........
..#########
.# ..


You could see an orc priest, an orc wizard, 2 orcs, a kobold and a rat.

Vanquished Creatures
  A hound (D:2)
  An orc wizard (D:3)
  5 adders (D:2)
  A dart slug (D:2)
  2 leopard geckos (D:1)
  9 bats
  3 giant cockroaches
  4 goblins
  7 hobgoblins
  7 jackals
  5 kobolds
  A quokka (D:2)
  17 frilled lizards
  5 rats
68 creatures vanquished.

Notes
Turn   | Place    | Note
-------+----------+-------------------------------------------
     0 | D:1      | Peloso the Ghoul Fighter began the quest for the Orb.
     0 | D:1      | Reached XP level 1. HP: 19/19 MP: 0/0
   338 | D:1      | Reached XP level 2. HP: 26/26 MP: 1/1
   613 | D:1      | You fall through a shaft!
   662 | D:1      | Reached XP level 3. HP: 32/33 MP: 2/2
  1169 | D:2      | Reached XP level 4. HP: 34/40 MP: 3/3
  1489 | D:2      | Reached skill level 4 in Fighting
  1526 | D:2      | Found a burning altar of Makhleb.
  1536 | D:2      | Reached skill level 1 in Dodging
  1536 | D:2      | Reached XP level 5. HP: 29/45 MP: 4/4
  1823 | D:3      | Killed from afar by an orc priest

Skill      XL: |  1  2  3  4 |
---------------+-------------+-----
Long Blades    | 2 |  2.6
Shields        | 3 |  3.7
Armour         | 3 |  3.4
Fighting       | 4 |  4.1
Dodging        | 1 |  1.0

Action                   |  1- 3 |  4- 6 || total
-------------------------+-------+-------++-------
Melee: Long sword        |   198 |   138 ||   336
  Use: Potion            |       |     1 ||     1
  Eat: Chunk             |     6 |     2 ||     8
Armor: Scale mail        |   124 |   101 ||   225
Dodge: Dodged            |    68 |    54 ||   122
Block: Shield            |   134 |   106 ||   240
       Rpst.: Long sword |    22 |    16 ||    38
